 Dungeon Crawl Stone Soup version 0.27.0-1-g7a089689b8 (webtiles) character file.

Game seed: 4060730006727195062

116 hawla the Grave Robber (level 4, 0/25 HPs)
             Began as a Deep Elf Necromancer on Aug 15, 2021.
             Killed by divine providence
             ... invoked by an orc priest
              (10 damage)
             ... on level 4 of the Dungeon.
             The game lasted 00:07:36 (3501 turns).

hawla the Grave Robber (Deep Elf Necromancer)       Turns: 3501, Time: 00:07:36

Health: 0/25       AC:  2    Str:  5    XL:     4   Next: 69%
Magic:  9/10       EV: 12    Int: 21    God:
Gold:   66         SH:  0    Dex: 15    Spells: 1/9 levels left

rFire    + . .     SeeInvis .   g - staff of fire
rCold    . . .     Faith    .   (no shield)
rNeg     . . .     Spirit   .   a - +0 robe
rPois    .         Reflect  .   (no helmet)
rElec    .         Harm     .   (no cloak)
rCorr    .         Rampage  .   (no gloves)
Will     .....                  (no boots)
Stlth    +++.......             (no amulet)
HPRegen  0.08/turn              (no ring)
MPRegen  0.12/turn              (no ring)

@: mighty, hasted, very quick
A: no striking features
a: no special abilities


You were on level 4 of the Dungeon.
You visited 2 branches of the dungeon, and saw 6 of its levels.

You collected 66 gold pieces.

Inventory:

Missiles
 c - 2 javelins
 m - 3 throwing nets
Armour
 a - a +0 robe (worn)
Magical Staves
 g - a staff of fire (weapon)
Jewellery
 h - a +4 ring of protection
Wands
 j - a wand of flame (18)
Scrolls
 i - a scroll of enchant weapon
 k - a scroll of teleportation
Potions
 d - a potion of magic
 n - a potion of cancellation {unknown}


   Skills:
 - Level 1.0 Fighting
 + Level 0.3 Staves
 + Level 0.6 Throwing
 + Level 2.6 Dodging
 - Level 4.0 Stealth
 - Level 3.0 Spellcasting
 + Level 6.0 Necromancy
 + Level 0.4 Fire Magic
 + Level 0.4 Evocations


You had one spell level left.
You knew the following spells:

 Your Spells              Type           Power      Damage    Failure   Level
a - Pain                  Necr           100%       1d9       1%          1
b - Vampiric Draining     Necr           14%        2d8       3%          3
c - Animate Dead          Necr           14%        N/A       11%         4

Your spell library contained the following spells:

 Spells                   Type           Power      Damage    Failure   Level
 Animate Skeleton         Necr           56%        N/A       1%          1
 Dispel Undead            Necr           28%        3d13      11%         4
 Static Discharge         Conj/Air       3%         N/A       21%         2
 Agony                    Necr           28%        N/A       30%         5
 Frozen Ramparts          Ice            6%         1d2       36%         3
 Sticky Flame             Conj/Fire      6%         2d3       77%         4
 Ice Form                 Ice/Tmut       3%         N/A       78%         4
 Summon Ice Beast         Ice/Summ       3%         N/A       78%         4


Dungeon Overview and Level Annotations

Branches:
Dungeon (5/15)             Temple (1/1) D:5

Altars:
Cheibriados
Dithmenos
Elyvilon
Fedhas
Gozag
Kikubaaqudgha
Okawaru
Sif Muna
Trog
Uskayaw
Wu Jian

Annotations:
D:5 Grinder


Message History

The ufetubus barely misses you. The ufetubus hits you.
The ufetubus closely misses you. The ufetubus barely misses you.
Okay, then.
Found a red potion.
An ogre comes into view. It is wielding a +0 giant spiked club.
Found 11 gold pieces.
An orc comes into view. It is wielding a +0 club.
The orc shouts!
The orc moves out of view.
Found a potion of haste.
Found 4 gold pieces.
An orc comes into view. It is wielding a +0 hand axe.
Found a stone staircase leading up.
An orc priest comes into view. It is wielding a +0 short sword.
The orc priest moves out of view.
Found a robe.
Found a robe.
Okay, then.
It was a potion of might.
You feel very mighty all of a sudden.
It was a potion of heal wounds.
You feel much better. The ufetubus barely misses you. The ufetubus hits you.
The orc shouts!
Found 13 stones.
Casting: Pain (safe; 1% risk of failure)
Confirm with . or Enter, or press ? or * to list all spells.
Aiming: Pain (safe; 1% risk of failure)
Press: ? - help, Shift-Dir - straight line, f - orc priest
Aim: an orc priest, wielding a +0 short sword and wearing a +0 leather armour (wandering, hasn't noticed you, chance to affect: 84%)
The orc priest shouts!
The orc priest writhes in agony!
The ufetubus barely misses you. The ufetubus closely misses you.
The orc priest mumbles some strange prayers to Beogh against you.
Beogh smites you!
Casting: Pain (safe; 1% risk of failure)
Confirm with . or Enter, or press ? or * to list all spells.
You can't see any susceptible monsters within range! (Use Z to cast anyway.)
The orc priest calls down the wrath of Beogh upon you.
Beogh smites you!
You die...

#.# #..##........##
#..##...#........#
#................#
#..#....#.......#
#......###..#......
#...o#......###..O.
#....##....... .....
..#.!.5#......#.$.#...
........@......#.#. #$
...#......o.....# .
.........o.<.....
......##.........
.....# ..........
..... #.##...[... ...
.. ..(.... ... .....#.


You could see an orc priest, 2 orcs and an ufetubus.

Vanquished Creatures
  3 gnolls (D:2)
  2 adders
  4 worms
  A dart slug (D:3)
  5 orcs
  2 endoplasms
  4 giant cockroaches (D:1)
  3 hobgoblins
  3 jackals (D:1)
  2 quokkas (D:1)
  5 ball pythons
  3 bats
  3 frilled lizards
  4 goblins
  3 kobolds
  5 rats
52 creatures vanquished.

Vanquished Creatures (others)
  A demonic plant (D:2)
  3 fungi (D:2)
  9 plants (D:2)
  3 withered plants (D:2)
16 creatures vanquished.

Grand Total: 68 creatures vanquished

Notes
Turn   | Place    | Note
-------+----------+-------------------------------------------
     0 | D:1      | hawla the Deep Elf Necromancer began the quest for the Orb.
     0 | D:1      | Reached XP level 1. HP: 10/10 MP: 6/6
   258 | D:1      | Reached skill level 5 in Necromancy
   415 | D:1      | Reached XP level 2. HP: 14/15 MP: 6/8
  1657 | D:2      | Reached XP level 3. HP: 15/20 MP: 3/9
  1744 | D:1      | Learned a level 3 spell: Vampiric Draining
  1755 | D:2      | Reached skill level 1 in Fighting
  2372 | D:2      | Found a faded altar of an unknown god.
  2572 | D:2      | Reached XP level 4. HP: 18/25 MP: 4/10
  2577 | D:2      | Learned a level 4 spell: Animate Dead
  2814 | D:2      | Reached skill level 6 in Necromancy
  3178 | D:3      | You fall into a shaft and drop 2 floors!
  3178 | D:5      | Entered Level 5 of the Dungeon
  3198 | D:5      | Found a staircase to the Ecumenical Temple.
  3211 | Temple   | Entered the Ecumenical Temple
  3470 | D:5      | Noticed Grinder
  3487 | D:4      | Noticed an ogre
  3501 | D:4      | Killed from afar by an orc priest

Illustrated notes

Levels and vault maps discovered:
D:1:      moated_graveyard_arrival, layout_loops_ring
D:2:      layout_loops_ring, shapermc_ecumenical_altar_gd, dk_noncrumbling_2
D:3:      layout_loops_ring, gup_sewer_entry_bubbles, uniq_robin
D:4:      layout_cave_pools, nemelex_dance_club_becter, kennysheep_mini,
          uniq_pikel
D:5:      layout_rooms, general_overflow_altar, zin_treasury,
          minmay_temple_entry_waves, eino_curves_04, chequers_garden,
          uniq_grinder
Temple:   minmay_temple_curvy_loop

Skill      XL: |  1  2  3  4 |
---------------+-------------+-----
Necromancy     | 5 6 |  6.0
Stealth        | 3 4 |  4.0
Fighting       | 1 |  1.0
Staves         | |  0.3
Throwing       | |  0.6
Dodging        | |  2.6
Spellcasting   | |  3.0
Fire Magic     | |  0.4
Evocations     | |  0.4

Action                   |  1- 3 |  4- 6 || total
-------------------------+-------+-------++-------
Melee: Staff             |     1 |     1 ||     2
 Cast: Pain              |    70 |    26 ||    96
       Vampiric Draining |     3 |     4 ||     7
       Animate Dead      |       |     2 ||     2
  Use: Scroll            |     4 |     4 ||     8
       Potion            |       |     3 ||     3
Armor: Robe              |     2 |     5 ||     7
Dodge: Dodged            |    12 |    18 ||    30
